Map: [TLMC15] Berlingrad

Players

Maru - Winner!

  • Race: Terran Terran

Cure

  • Race: Terran Terran

Event: DreamHack SC2 Masters Last Chance 2022

VOD

Have the link to the VOD?

Description

Time

  • Played on: Jan. 16, 2022, 12:46 p.m.
  • Length: 12:34

All games in this series

Show
View Real Time Build Order
Export as new Build Order

Maru Terran - Winner!

Build Orders:  

Get SALT Encoding   

  12  0:00  SCV  
  13  0:12  SCV  
  14  0:17  Supply Depot  
  14  0:24  SCV  
  15  0:38  SCV  
  15  0:42  Barracks  
  16  0:44  Refinery  
  16  0:51  SCV  
  16  0:52  Refinery  
  17  1:03  SCV  
  18  1:15  SCV  
  19  1:29  Reaper, Orbital Command  
  20  1:33  Supply Depot  
  20  1:42  Factory  
  20  1:54  SCV  
  20  2:01  Reaper  
  22  2:06  SCV  
  23  2:18  SCV  
  23  2:21  Command Center  
  24  2:26  Hellion  
  26  2:30  SCV  
  26  2:33  Barracks Reactor  
  27  2:40  Starport  
  27  2:43  SCV  
  28  2:49  Supply Depot  
  28  2:55  SCV, Factory Tech Lab  
  29  3:07  SCV  
  29  3:10  Marine x2  
  32  3:15  Siege Tank  
  32  3:19  SCV  
  36  3:21  Medivac  
  38  3:28  Refinery  
  38  3:29  Marine  
  38  3:32  Marine  
  38  3:33  SCV  
  41  3:38  Orbital Command  
  41  3:45  SCV  
  41  3:47  Cyclone  
  45  3:49  Marine  
  45  3:50  Marine  
  45  3:54  Starport Tech Lab  
  47  3:57  SCV  
  47  3:59  Supply Depot  
  48  4:04  SCV  
  48  4:09  SCV, Marine x2  
  52  4:18  SCV  
  56  4:24  Siege Tank  
  56  4:28  SCV  
  56  4:29  Raven  
  59  4:32  SCV  
  59  4:34  Supply Depot  
  59  4:35  Marine  
  59  4:36  Marine  
  62  4:44  Supply Depot  
  62  4:53  SCV  
  62  4:54  SCV  
  58  5:01  Marine x2  
  58  5:04  Siege Tank  
  58  5:05  SCV  
  59  5:08  Command Center  
  59  5:09  SCV  
  60  5:17  SCV  
  61  5:23  SCV  
  61  5:25  Viking x2  
  66  5:29  SCV  
  66  5:30  Marine  
  66  5:31  Stimpack  
  68  5:36  SCV, Siege Tank  
  68  5:39  Supply Depot  
  68  5:42  Refinery  
  72  5:49  SCV x2  
  74  5:56  Viking  
  76  5:57  Viking  
  76  6:01  SCV  
  76  6:03  SCV  
  80  6:13  SCV  
  80  6:15  SCV  
  82  6:25  SCV, Siege Tank  
  79  6:26  Viking  
  79  6:27  SCV, Orbital Command  
  78  6:37  SCV  
  78  6:38  Marine  
  77  6:49  SCV  
  77  6:53  Barracks  
  59  6:54  Viking  
  78  6:55  SCV, Barracks  
  78  6:56  Viking  
  78  6:57  Siege Tank  
  78  6:58  Orbital Command  
  87  7:08  SCV, Engineering Bay  
  87  7:11  Engineering Bay  
  87  7:13  Marine  
  87  7:14  SCV, Combat Shield  
  89  7:20  SCV  
  90  7:25  SCV  
  90  7:26  SCV  
  90  7:27  Viking x2  
  90  7:29  Siege Tank  
  99  7:32  SCV  
  100  7:37  SCV  
  100  7:39  Supply Depot  
  101  7:45  SCV  
  101  7:47  Marine  
  101  7:49  SCV  
  102  7:57  Viking x2  
  101  8:01  Siege Tank  
  101  8:05  SCV, Marine  
  92  8:07  SCV  
  92  8:08  SCV, Barracks Reactor  
  92  8:09  Barracks Reactor  
  92  8:10  Terran Infantry Weapons Level 1, Barracks  
  92  8:12  Barracks  
  94  8:16  Terran Infantry Armor Level 1  
  94  8:17  SCV  
  96  8:20  SCV  
  96  8:22  SCV  
  96  8:23  Refinery, Marine  
  96  8:24  Refinery  
  98  8:29  SCV  
  98  8:31  Viking x2  
  98  8:32  SCV  
  104  8:34  SCV  
  104  8:40  Marine  
  102  8:45  SCV  
  102  8:47  Command Center  
  103  8:50  Marine x4  
  103  8:53  SCV x2  
  109  8:56  Siege Tank  
  109  8:58  Marine  
  109  9:01  Liberator, Supply Depot  
  116  9:03  Sensor Tower  
  116  9:06  Barracks Reactor  
  117  9:13  Supply Depot  
  117  9:15  Marine x4  
  117  9:16  Barracks Reactor, Marine  
  121  9:17  SCV  
  122  9:30  Factory  
  122  9:31  Armory  
  122  9:33  Marine x4  
  122  9:34  Marine  
  122  9:36  Siege Tank  
  130  9:43  Marine x2  
  122  9:47  Medivac  
  122  9:51  Marine x4  
  122  9:52  Marine  
  125  10:01  Marine x4  
  129  10:08  Siege Tank, Marine x4  
  129  10:12  Missile Turret x2  
  129  10:13  SCV  
  134  10:19  Marine x4  
  137  10:22  Medivac x2  
  137  10:25  Barracks Reactor  
  137  10:26  Marine x3  
  137  10:28  Supply Depot  
  141  10:32  Marine  
  142  10:36  Marine  
  142  10:37  Marine x3  
  142  10:38  SCV x3  
  142  10:40  Siege Tank  
  152  10:49  Supply Depot  
  152  10:50  Supply Depot  
  152  10:52  Planetary Fortress  
  152  10:54  Sensor Tower  
  152  10:57  Refinery  
  152  10:58  Refinery  
  152  11:02  Supply Depot  
  152  11:03  Marine x2  
  154  11:04  Siege Tank, Marine x3  
  160  11:12  SCV x2, Siege Tank  
  160  11:13  Supply Depot, SCV  
  160  11:17  Missile Turret  
  166  11:22  Marine x2  
  151  11:28  Marine x3  
  151  11:31  Marine x2  
  151  11:32  Marine  
  151  11:35  Marine  
  151  11:36  Hellion, Marine  
  151  11:39  Marine  
  155  11:40  Marine  
  155  11:41  Viking  
  155  11:44  Siege Tank  
  155  11:45  Marine  
  155  11:46  Marine x2  
  157  11:49  Marine x3  
  157  11:52  Sensor Tower  
  157  11:57  Siege Tank  
  157  11:58  Viking  
  162  12:04  Starport  
  162  12:05  Starport, Marine x5  
Show
View Real Time Build Order
Export as new Build Order

Cure Terran 

Build Orders:  

Get SALT Encoding   

  12  0:00  SCV  
  13  0:12  SCV  
  14  0:17  Supply Depot  
  14  0:24  SCV  
  15  0:38  SCV  
  15  0:39  Barracks  
  15  0:42  Refinery  
  16  0:50  SCV  
  16  0:52  Refinery  
  17  1:03  SCV  
  18  1:15  SCV  
  19  1:25  Reaper  
  19  1:27  Orbital Command  
  19  1:29  Supply Depot  
  20  1:42  Factory  
  20  1:52  SCV  
  21  1:57  Reaper  
  22  2:04  SCV  
  23  2:16  SCV  
  23  2:21  Command Center  
  24  2:27  Hellion  
  26  2:30  SCV  
  26  2:32  Reaper  
  28  2:38  Supply Depot  
  28  2:42  SCV  
  29  2:48  Hellion  
  31  2:56  Starport  
  31  3:00  SCV  
  32  3:07  Barracks Reactor  
  32  3:11  Factory Tech Lab  
  32  3:12  SCV  
  33  3:21  Refinery  
  33  3:24  SCV  
  34  3:29  Cyclone  
  34  3:32  Starport Tech Lab  
  34  3:33  Orbital Command  
  37  3:36  SCV  
  38  3:43  Marine x2  
  40  3:48  SCV  
  40  3:51  Raven  
  40  3:53  Supply Depot  
  43  3:58  SCV  
  43  4:00  SCV  
  43  4:01  Marine x2  
  47  4:06  Siege Tank  
  50  4:11  SCV  
  50  4:13  SCV  
  50  4:19  Marine  
  50  4:22  Marine  
  52  4:24  Supply Depot x2  
  52  4:29  SCV x2  
  54  4:34  Raven  
  56  4:43  SCV x2  
  58  4:46  Siege Tank  
  61  4:56  SCV x2  
  58  5:01  Barracks Reactor  
  58  5:04  Command Center  
  55  5:07  Refinery  
  55  5:08  SCV x2  
  57  5:18  Raven  
  57  5:20  SCV x2  
  57  5:21  Supply Depot  
  61  5:32  SCV x2  
  61  5:33  Siege Tank  
  61  5:34  Barracks x2  
  66  5:38  Marine x2  
  68  5:45  Engineering Bay x2  
  68  5:46  SCV x2  
  72  6:00  SCV x2  
  72  6:11  Siege Tank, Viking, Marine  
  73  6:14  Barracks  
  73  6:16  Viking  
  73  6:17  Barracks  
  75  6:21  SCV x2  
  75  6:24  Barracks Reactor  
  75  6:25  Barracks Reactor, Orbital Command  
  77  6:29  Marine  
  75  6:33  SCV x2  
  73  6:46  Marine  
  67  6:47  Viking  
  67  6:48  Siege Tank, Viking  
  67  6:50  Terran Infantry Weapons Level 1  
  67  6:52  Terran Infantry Armor Level 1  
  74  7:01  Stimpack  
  74  7:02  Marine x4  
  74  7:04  Marine x3  
  81  7:10  SCV x2  
  83  7:19  Marine x2  
  83  7:21  Marine x2  
  83  7:22  Marine x2  
  87  7:27  Siege Tank  
  90  7:30  SCV  
  90  7:31  SCV  
  90  7:32  Supply Depot  
  88  7:37  Marine x3  
  88  7:39  Marine  
  92  7:45  Marine, Starport Reactor  
  92  7:49  Marine  
  92  7:53  Marine  
  92  7:55  Marine x3  
  74  8:02  SCV x2  
  67  8:07  Factory Tech Lab  
  67  8:08  Orbital Command  
  67  8:09  Barracks Tech Lab  
  67  8:12  Marine x4  
  70  8:14  SCV x2  
  72  8:24  Marine x2  
  72  8:26  SCV x2  
  79  8:27  Siege Tank  
  79  8:30  Marine  
  79  8:32  Barracks Reactor  
  79  8:33  Marine x2  
  79  8:42  Medivac x2  
  79  8:45  Marine x3  
  79  8:48  Marine  
  87  8:52  Marine  
  87  8:54  SCV x3  
  92  9:00  Siege Tank  
  94  9:06  SCV x3  
  94  9:09  Barracks Tech Lab  
  95  9:12  Armory, Marine x3  
  95  9:13  Barracks  
  98  9:17  Marine x2  
  101  9:28  Supply Depot  
  101  9:30  Supply Depot  
  101  9:35  Combat Shield  
  101  9:40  SCV x3, Marine  
  100  9:46  Medivac, Barracks Reactor  
  100  9:49  Medivac  
  100  9:51  Supply Depot  
  100  9:52  SCV x3  
  106  9:53  Supply Depot  
  106  9:56  Marine x4  
  106  9:58  Marine  
  111  10:01  Marine  
  111  10:04  SCV x2  
  111  10:12  SCV  
  111  10:13  Marine x2  
  111  10:14  Marine x2  
  113  10:15  Marine  
  113  10:16  SCV  
  113  10:17  Medivac, Factory Tech Lab  
  117  10:36  Supply Depot  
  117  10:38  Barracks Reactor  
  117  10:40  Marine x2  
  117  10:44  Refinery  
  117  10:45  Refinery  
  117  10:46  Marine x5  
  117  10:47  Sensor Tower  
  123  10:50  SCV x3  
  123  10:53  Supply Depot  
  123  10:54  Supply Depot  
  125  10:58  Marine x2  
  125  10:59  Medivac  
  125  11:03  Marine x4  
  133  11:12  Command Center  
  133  11:13  Siege Tank  
  133  11:16  Medivac, Marine  
  139  11:21  Barracks Reactor  
  120  11:26  Marine  
  120  11:27  Marine x3  
  123  11:33  Marine x2  
  123  11:34  Marine x2  
  127  11:40  Medivac  
  127  11:44  Marine x4  
  127  11:45  Siege Tank  
  127  11:46  Medivac  
  129  11:51  Marine x4  
  129  11:53  SCV  
  129  11:54  SCV x2  
  136  12:01  Marine x2  
  136  12:07  Command Center  
  137  12:11  Factory  
  137  12:15  SCV x3, Marine x2  
  134  12:16  Marine x2  

Tags
 
Add a new tag
Caveats
  • Supply blocks, unpowered buildings, or Contaminate may cause inaccurate times.
  • Supply counts are checked every 10 seconds.